 Dungeon Crawl Stone Soup version 0.31.0-32-g396128a36d (webtiles) character file.

Game seed: 13545827652697764512

695 monsoonserge the Ruffian (level 7, 0/46 HPs)
             Began as an Octopode Shapeshifter on Apr 9, 2024.
             Was an Initiate of Gozag.
             Slain by Duvessa
             ... wielding a +1 short sword of flaming
              (2 damage)
             ... on level 5 of the Dungeon.
             The game lasted 00:11:40 (3957 turns).

monsoonserge the Ruffian (Octopode Shapeshifter)    Turns: 3957, Time: 00:11:40

Health: 0/46       AC:  1    Str: 15    XL:     7   Next: 64%
Magic:  7/7        EV: 13    Int: 13    God:    Gozag
Gold:   108        SH:  0    Dex: 11    Spells: 6/6 levels left

rFire   . .          .
                       - Unarmed
rCold   . . .        (no shield)
rNeg    . . .        (helmet currently unavailable)
rPois   .            i - amulet of regeneration
rElec   .            C - +4 ring of slaying
rCorr   .            (no ring)
SInv    .            (no ring)
Will    .....        (no ring)
Stlth   +++          (no ring)
HPRegen 1.07/turn    (no ring)
MPRegen 0.10/turn    (no ring)
                     (no ring)

%: no passive effects
@: beast-form, gold aura
A: beast (slay +2), almost no armour, amphibious, 8 rings, camouflage 1,
gelatinous body 1, (nimble swimmer 1), tentacles
a: Begin Untransformation, Renounce Religion, Potion Petition, Call Merchant,
Bribe Branch


You were on level 5 of the Dungeon.
You worshipped Gozag.
Gozag was aware of your devotion.
You were a hulking beast.
You visited 2 branches of the dungeon, and saw 6 of its levels.

You collected 169 gold pieces.
You paid 61 gold pieces to Gozag.

Inventory:

Missiles
 f - 14 poisoned darts (quivered)
 y - 4 atropa-tipped darts
 A - 2 darts of dispersal
Jewellery
 i - an amulet of regeneration (around mantle)
 q - a ring of ice
 u - an amulet of the acrobat
 C - a +4 ring of slaying (left tentacle)
Talismans
 b - a beast talisman
 c - a flux talisman
Wands
 t - a wand of polymorph (9)
Scrolls
 e - a scroll of immolation
 g - a scroll of poison
 j - a scroll of silence
 k - a scroll of brand weapon
 m - a scroll of teleportation {unknown}
 o - a scroll of vulnerability {unknown}
 z - a scroll of enchant weapon {unknown}
 B - a scroll of summoning
Potions
 a - a potion of lignification
 d - a potion of degeneration {unknown}
 h - a potion of heal wounds
 l - 2 potions of brilliance
 n - a potion of attraction {unknown}
 p - a potion of magic
 r - a potion of might
 s - a potion of haste {unknown}
 v - a potion of resistance {unknown}
 w - a potion of experience {unknown}
 x - 2 potions of enlightenment {unknown}


   Skills:
 - Level 3.0 Fighting
 * Level 2.9 Dodging
 - Level 2.0 Stealth
 + Level 7.3 Unarmed Combat
 - Level 3.5 Shapeshifting


You had 6 spell levels left.
You didn't know any spells.
Your spell library contained the following spells:

 Spells                   Type           Power      Damage    Failure   Level
 Call Imp                 Summ           0%         N/A       43%         2
 Sublimation of Blood     Necr           0%         N/A       43%         2
 Anguish                  Hex/Necr       0%         N/A       97%         4
 Cause Fear               Hex            0%         N/A       97%         4
 Sculpt Simulacrum        Ice/Alch       0%         N/A       100%        6
 Enfeeble                 Hex            0%         N/A       100%        7
 Ozocubu's Refrigeration  Ice            0%         4d7       100%        7
 Summon Hydra             Summ           0%         N/A       100%        7
 Polar Vortex             Ice            0%         N/A       100%        9


Dungeon Overview and Level Annotations

Branches:
Dungeon (5/15)             Temple (1/1) D:5

Altars:
Ashenzari
Cheibriados
Dithmenos
Elyvilon
Fedhas
Gozag
Hepliaklqana
Makhleb
Nemelex Xobeh
Okawaru
Qazlal
Ru
Trog
Uskayaw
Vehumet
Wu Jian
Xom
Zin
The Shining One

Shops:
D:1 (   D:4 [

Annotations:
D:3 1 runed translucent door, SFR's ghost, amateur DEFi
D:5 Duvessa


Innate Abilities, Weirdness & Mutations

You are a hulking beast.
Your limbs bulge with bestial killing power. (Slay +2)
You cannot wear most types of armour.
You are amphibious.
You can wear up to eight rings at the same time.
Your skin changes colour to match your surroundings (Stealth+).
Your rubbery body absorbs attacks. (AC +1, EV +1)
((You are camouflaged when in or above water. (Stealth+)))
You have tentacles for arms and can constrict up to eight enemies at once.


Message History

Aim: Dowan, wielding a +0 dagger and wearing a +0 robe (lightly wounded, poisoned, 51% to hit)
You throw a poisoned dart. The poisoned dart closely misses Dowan.
Unknown command.
You tentacle-slap Dowan but do no damage.
You grab Dowan.
Dowan is lightly wounded.
You constrict Dowan. Dowan closely misses you.
You barely miss Duvessa. Your grab misses Duvessa. Your squeeze misses Duvessa.
You constrict Dowan.
Duvessa hits you with a +1 short sword of flaming.
Duvessa burns you. Dowan hits you with a +0 dagger!
You tentacle-slap Duvessa. Your grab misses Duvessa.
Duvessa is lightly wounded.
You constrict Dowan. You tentacle-slap Duvessa. You grab Duvessa.
Duvessa is lightly wounded.
You constrict Duvessa. You constrict Dowan.
Duvessa hits you with a +1 short sword of flaming!
Duvessa burns you. Dowan casts a spell at you. The puff of flame hits you.
A quokka comes into view.
You barely miss Duvessa.
Duvessa is moderately wounded.
You constrict Duvessa. You constrict Dowan.
Duvessa hits you with a +1 short sword of flaming.
Duvessa burns you. Dowan hits you with a +0 dagger.
* * * LOW HITPOINT WARNING * * *
Unknown command.
You tentacle-slap Duvessa. You squeeze Duvessa!!
Duvessa is almost dead.
You constrict Duvessa. You constrict Dowan.
You kill Dowan!
Duvessa screams, "No!
How DARE you!"
Duvessa goes berserk!
Duvessa hits you with a +1 short sword of flaming!
* * * LOW HITPOINT WARNING * * *
Duvessa burns you.
You die...
Your body crumbles into a pile of gold.

.# ##...#.......##
...##........###.
#
#.................
.#
>...#.##..#.##.##
..
....#.....#......
..
.......##....#.##.
..
....##....##.#....
#. .....##......#
....#r...h.##...
...#.##$e....#. ..
.(.##.#.#
..##.#... .# .. .
.. #..# . #. .#
.... ## ..##. ##.


You could see Duvessa (berserk) and a quokka.

Vanquished Creatures
  3 ogres
  A phantom (D:4)
  A bullfrog (D:4)
  A scorpion (Temple)
  Dowan (D:5)
  A bombardier beetle (D:4)
  A hound (D:4)
  An iguana (D:4)
  9 adders
  3 dart slugs (D:1)
  A ribbon worm (D:5)
  7 orcs
  6 endoplasms
  8 giant cockroaches
  7 hobgoblins
  A jackal (D:1)
  2 quokkas (D:4)
  5 ball pythons
  7 bats
  5 frilled lizards
  5 goblins
  6 kobolds
  5 rats
87 creatures vanquished.

Notes
Turn   | Place    | Note
-------+----------+-------------------------------------------
     0 | D:1      | monsoonserge the Octopode Shapeshifter began the quest for
                  | the Orb.
     0 | D:1      | Reached XP level 1. HP: 13/13 MP: 1/1
   126 | D:1      | Reached XP level 2. HP: 18/18 MP: 2/2
   129 | D:1      | Reached skill level 1 in Stealth
   179 | D:1      | Found Vavoubri's Weapon Shoppe.
   293 | D:1      | Reached XP level 3. HP: 24/24 MP: 3/3
  1436 | D:2      | Reached XP level 4. HP: 29/29 MP: 4/4
  1869 | D:3      | Reached skill level 4 in Unarmed Combat
  2021 | D:3      | Found a runed translucent door.
  2026 | D:3      | Noticed SFR's ghost (amateur DEFi)
  2818 | D:4      | Noticed a phantom
  2818 | D:4      | Found Simeefo's Armour Emporium.
  2830 | D:4      | Reached XP level 5. HP: 34/34 MP: 5/5
  2980 | D:4      | Killed a phantom
  2981 | D:4      | Reached skill level 5 in Unarmed Combat
  2997 | D:4      | Reached skill level 6 in Unarmed Combat
  2997 | D:4      | Reached XP level 6. HP: 32/39 MP: 6/6
  3225 | D:4      | Reached skill level 7 in Unarmed Combat
  3225 | D:4      | Reached XP level 7. HP: 25/45 MP: 7/7
  3608 | D:5      | Entered Level 5 of the Dungeon
  3769 | D:5      | Found a staircase to the Ecumenical Temple.
  3777 | D:5      | Noticed Dowan
  3779 | Temple   | Entered the Ecumenical Temple
  3789 | Temple   | Became a worshipper of Gozag Ym Sagoz the Greedy
  3938 | D:5      | Noticed Duvessa
  3957 | D:5      | Killed Dowan
  3957 | D:5      | HP: 2/46 [Duvessa/+1 short sword of flaming (10)]
  3957 | D:5      | Slain by Duvessa

Illustrated notes

Levels and vault maps discovered:
D:1:      dpeg_arrival_signposts, layout_loops_ring, serial_shops, shop,
          minmay_hexomino_f4
D:2:      minmay_chambers_of_ones, layout_loops_cross
D:3:      layout_basic, ebering_ghost_sewer_d
D:4:      layout_loops_ring, serial_bayou, serial_bayou_pond_d,
          serial_bayou_pond_b, serial_bayou_pond_c, serial_bayou_pond_d,
          serial_shops, shop_statue
D:5:      layout_cave_pools, minmay_temple_entry_ruins, wad_rectangle_vault,
          uniq_duvessa
Temple:   compressed_dpeg_triangle_lava_temple

Skill      XL: |  1  2  3  4  5  6  7 |
---------------+----------------------+-----
Stealth        | 1 2 |  2.0
Fighting       | 2 3 |  3.0
Unarmed Combat | 4 6 7 |  7.3
Dodging        | |  2.9
Shapeshifting  | |  3.5

Action                     |  1- 3 |  4- 6 |  7- 9 || total
---------------------------+-------+-------+-------++-------
  Melee: Unarmed           |    55 |    79 |    32 ||   166
         Constrict         |    18 |    12 |     5 ||    35
         Tentacles         |    10 |    18 |     6 ||    34
         Punch             |     1 |     2 |     2 ||     5
  Throw: Dart              |       |       |     2 ||     2
    Use: Scroll            |       |     6 |     1 ||     7
         Potion            |       |     3 |       ||     3
   Stab: Sleeping          |     8 |    11 |       ||    19
 Armour: Skin              |    17 |    32 |    22 ||    71
  Dodge: Dodged            |    16 |    37 |    17 ||    70
